 Dungeon Crawl Stone Soup version 0.30.1-11-g7821555f0a (webtiles) character file.

Game seed: 14534704473375978016

6629 monsoonserge the Basher (level 11, -1/46 (66) HPs)
             Began as a Tengu Reaver on Jan 9, 2024.
             Was an Elder of Okawaru.
             Slain by Erica
             ... wielding a +2 scimitar of flaming
              (2 damage)
             ... on level 9 of the Dungeon.
             The game lasted 00:27:08 (8177 turns).

monsoonserge the Basher (Tengu Reaver)              Turns: 8177, Time: 00:27:09

HP:   -1/46 (66)    AC:  8    Str: 17    XL:     11   Next: 2%
MP:   0/15          EV: 15    Int: 14    God:    Okawaru [****..]
Gold: 61            SH:  4    Dex: 12    Spells: 11/14 levels left

rFire   + . .        w - +2 flail (protect)
rCold   . . .        J - +0 buckler
rNeg    . . .        v - +1 ring mail {rPois}
rPois   +            (helmet restricted)
rElec   .            (no cloak)
rCorr   .            (no gloves)
SInv    .            (boots unavailable)
Will    .....        j - amulet of guardian spirit
Stlth   +            x - ring of protection from fire
HPRegen 0.27/turn    (no ring)
MPRegen 0.14/turn

%: guardian spirit
@: flying quickly and evasively, slowed, very heavily drained, very slow
A: beak, talons 3, nimble flight
a: Renounce Religion, Heroism, Finesse


You were on level 9 of the Dungeon.
You worshipped Okawaru.
Okawaru was greatly pleased with you.
You visited 2 branches of the dungeon, and saw 12 of its levels.

You collected 406 gold pieces.
You spent 345 gold pieces at shops.

Inventory:

Hand Weapons
 w - a +2 flail of protection (weapon)
 G - a +4 dire flail
Missiles
 g - 7 boomerangs
 l - a curare-tipped dart
 q - a throwing net
 y - 21 poisoned darts (quivered)
Armour
 p - an orb of energy
 v - a +1 ring mail of poison resistance (worn)
 A - a +0 chain mail
 J - a +0 buckler (worn)
Magical Staves
 z - a staff of air
Jewellery
 j - an amulet of guardian spirit (around neck)
 x - a ring of protection from fire (left hand)
 H - an amulet of regeneration
Wands
 s - a wand of flame (14)
 C - a wand of iceblast (3)
 I - a wand of charming (11)
Scrolls
 a - 2 scrolls of blinking {unknown}
 c - 5 scrolls of teleportation
 d - 2 scrolls of torment {unknown}
 f - 4 scrolls of enchant weapon
 k - a scroll of silence
 m - a scroll of immolation
 o - 2 scrolls of fear {unknown}
 r - a scroll of fog
 u - a scroll of identify
 B - a scroll of acquirement
 K - a scroll of vulnerability {unknown}
Potions
 b - a potion of invisibility
 e - 5 potions of brilliance {unknown}
 h - 5 potions of mutation {unknown}
 i - a potion of heal wounds
 n - 3 potions of attraction
 t - 3 potions of curing
 D - a potion of might {unknown}
 E - a potion of cancellation {unknown}
 F - 3 potions of haste {unknown}


   Skills:
 + Level 6.4 Fighting
 + Level 11.6 Maces & Flails
 + Level 1.6 Throwing
 * Level 9.1 Armour
 + Level 6.7 Dodging
 * Level 2.2 Shields
 - Level 2.0 Spellcasting
 + Level 4.7 Conjurations
 + Level 1.5 Necromancy
 * Level 2.2 Invocations


You had 11 spell levels left.
You knew the following spells:

 Your Spells              Type           Power      Damage    Failure   Level
a - Kiss of Death         Conj/Necr      40%        2d8       14%         1
b - Blink                 Tloc           2%         N/A       58%         2

Your spell library contained the following spells:

 Spells                   Type           Power      Damage    Failure   Level
 Momentum Strike          Conj/Tloc      16%        3d8       28%         2
 Sting                    Tmut/Pois      4%         1d3       45%         1
 Dazzling Flash           Conj/Hex       16%        N/A       50%         3
 Hailstorm                Conj/Ice       8%         3d4       50%         3
 Lesser Beckoning         Tloc           2%         N/A       58%         2
 Poisonous Vapours        Pois/Air       2%         N/A       58%         2
 Vhi's Electric Charge    Tloc/Air       2%         N/A       83%         3
 Volatile Blastmotes      Fire/Tloc      2%         2d10      83%         3
 Fulminant Prism          Conj/Hex       4%         3d5       88%         4
 Iskenderun's Mystic Bla  Conj/Tloc      8%         2d4       88%         4
 Olgreb's Toxic Radiance  Pois           1%         N/A       99%         4
 Arcjolt                  Conj/Air       4%         1d14      99%         5
 Lee's Rapid Deconstruct  Erth           0%         3d4*      100%        5
 Starburst                Conj/Fire      4%         6d3       100%        6
 Orb of Destruction       Conj           7%         9d6       100%        7
 Maxwell's Capacitive Co  Air            0%         ∞         100%        8
 Chain Lightning          Conj/Air       4%         3d5       100%        9
 Fire Storm               Conj/Fire      4%         8d1       100%        9
 Shatter                  Erth           0%         3d5*      100%        9
 Summon Small Mammal      Summ           Unusable   N/A       N/A         1
 Call Canine Familiar     Summ           Unusable   N/A       N/A         3
 Summon Guardian Golem    Hex/Summ       Unusable   N/A       N/A         3
 Spellforged Servitor     Conj/Summ      Unusable   N/A       N/A         7

Dungeon Overview and Level Annotations

Branches:
Dungeon (11/15)            Temple (1/1) D:7
   Lair: D:8-11         Orc: D:9-12

Altars:
Ashenzari
Cheibriados
Dithmenos
Elyvilon
Fedhas
Gozag
Kikubaaqudgha
Makhleb
Okawaru
Qazlal
Ru
Sif Muna
Trog
Uskayaw
Vehumet
Wu Jian
Xom
Yredelemnul
Zin
The Shining One

Shops:
D:8 *:(((?

Annotations:
D:4 3 runed translucent doors, bronco's ghost, novice MeEE
D:5 1 runed translucent door, Grimwise's ghost, amateur MeEE
D:9 Erica
D:11 Josephine


Innate Abilities, Weirdness & Mutations

You have a beak for a mouth.
You have claws for feet.
Your magical nature lets you fly swiftly and evasively.


Message History

You sock something!
Your weapon exudes an aura of protection.
Your kick misses something.
You hear some strange, mumbled words.
You feel yourself slow down.
Casting: Kiss of Death (safe; 14% risk of failure)
Confirm with . or Enter, or press ? or * to list all spells.
Aiming: Kiss of Death (safe; 14% risk of failure)
Press: ? - help, Shift-Dir - straight line The negative energy hits something.
You feel drained. Something hits you. Something burns you.
You hear some strange, mumbled words.
Something tries to affect you, but you resist.
You sock something! Something hits you.
You closely miss something. You claw something. Your peck misses something.
Something hits you but does no damage.
You barely miss something. Your kick misses something.
Something hits you but does no damage.
You miss something. Your peck misses something. Something barely misses you.
You hear some strange, mumbled words.
A bolt of poison appears from out of thin air!
The bolt of poison misses you.
You barely miss something. Something hits you but does no damage.
You closely miss something. Your kick misses something. Something hits you!
Something burns you.
You closely miss something. Your kick misses something. You peck something.
Something hits you! Something burns you.
You barely miss something. You claw something. Something hits you!
Something burns you.
* * * LOW HITPOINT WARNING * * *
Something hits you.
* * * LOW HITPOINT WARNING * * *
Casting: Kiss of Death (safe; 14% risk of failure)
Confirm with . or Enter, or press ? or * to list all spells.
Aiming: Kiss of Death (safe; 14% risk of failure)
Press: ? - help, Shift-Dir - straight line The negative energy hits something!
You feel drained. Something hits you!
* * * LOW HITPOINT WARNING * * *
Something burns you.
You die...

# # .# #### .## ...#
########...# ##.#####
#..........<
.......#######...........
................@{....#
###..............†#####
#.####.....).####.#
#.##...#######...##.#
.#..#.. #..#..#.# #. ###
#..#####.#.# ...## ##..
#. .. #


There were no monsters in sight!

Vanquished Creatures
  An ogre mage (D:10)
  A two-headed ogre (D:8)
  A tengu warrior (D:10)
  A cyclops (D:10)
  5 yaks (D:8)
  A vampire (D:11)
  3 wyverns
  An orc warrior (D:7)
  A black bear (D:5)
  4 ogres
  2 sky beasts
  An ice beast (D:6)
  9 centaurs
  4 kobold brigands
  A bullfrog (D:8)
  3 scorpions
  4 wights
  An electric eel (D:8)
  9 howler monkeys
  A crimson imp (D:8)
  A jelly (D:4)
  3 hounds (D:6)
  A sleepcap (D:4)
  A gnoll bouda (D:9)
  An iguana (D:5)
  An orc wizard (D:8)
  Natasha (thrice) (D:2)
  5 gnolls
  9 adders
  A shadow imp (D:6)
  A white imp (D:6)
  2 ufetubi
  A worm (D:3)
  2 dart slugs
  14 orcs
  7 bats
  12 endoplasms
  3 giant cockroaches
  5 goblins
  5 hobgoblins
  3 jackals (D:3)
  3 quokkas
  6 ball pythons
  4 frilled lizards
  14 kobolds
  5 rats
167 creatures vanquished.

Notes
Turn   | Place    | Note
-------+----------+-------------------------------------------
     0 | D:1      | monsoonserge the Tengu Reaver began the quest for the Orb.
     0 | D:1      | Reached XP level 1. HP: 12/12 MP: 4/4
   192 | D:1      | Reached XP level 2. HP: 17/17 MP: 6/6
   263 | D:1      | Reached skill level 1 in Armour
   355 | D:1      | Reached skill level 1 in Necromancy
   385 | D:1      | Reached XP level 3. HP: 19/20 MP: 7/7
   826 | D:1      | Learned a level 2 spell: Blink
   992 | D:2      | Noticed Natasha
  1025 | D:1      | Reached skill level 4 in Maces & Flails
  1027 | D:1      | Reached XP level 4. HP: 10/21 MP: 1/8
  1114 | D:2      | Killed Natasha
  1205 | D:2      | Noticed Natasha
  1356 | D:2      | Killed Natasha
  1357 | D:2      | Gained mutation: Your magical nature lets you fly swiftly
                  | and evasively. [Tengu growth]
  1357 | D:2      | Reached XP level 5. HP: 13/22 MP: 1/9
  1797 | D:2      | Noticed Natasha
  1805 | D:2      | Killed Natasha
  2387 | D:3      | Reached XP level 6. HP: 27/27 MP: 10/10
  3062 | D:4      | Reached skill level 5 in Maces & Flails
  3083 | D:4      | Found a runed translucent gate.
  3083 | D:4      | Noticed bronco's ghost (novice MeEE)
  3092 | D:4      | Found a runed translucent gate.
  3095 | D:4      | Found a runed translucent gate.
  3411 | D:5      | Entered Level 5 of the Dungeon
  3482 | D:5      | Noticed a black bear
  3620 | D:5      | Reached XP level 7. HP: 39/40 MP: 11/11
  3636 | D:5      | Noticed Grimwise's ghost (amateur MeEE)
  3637 | D:5      | Found a runed translucent door.
  3651 | D:5      | Reached skill level 6 in Maces & Flails
  3855 | D:5      | Reached skill level 5 in Armour
  4160 | D:5      | Noticed a slime creature
  4160 | D:5      | Noticed a slime creature
  4161 | D:5      | Noticed a slime creature
  4191 | D:4      | Reached XP level 8. HP: 36/44 MP: 9/12
  4347 | D:5      | Found a glowing silver altar of Zin.
  4347 | D:5      | Noticed an angel
  4521 | D:6      | Found an ornate altar of the Wu Jian Council.
  4528 | D:6      | Noticed a spectral centipede
  4528 | D:6      | Noticed a spectral black mamba
  4549 | D:6      | Found a white marble altar of Elyvilon.
  4575 | D:6      | Reached skill level 7 in Maces & Flails
  4776 | D:6      | Found a snail-covered altar of Cheibriados.
  4784 | D:6      | Found an opulent altar of Gozag.
  4854 | D:6      | Noticed a wyvern
  4857 | D:6      | Killed a wyvern
  4858 | D:6      | Reached skill level 8 in Maces & Flails
  5164 | D:7      | Found a blossoming altar of Fedhas.
  5264 | D:7      | Found a staircase to the Ecumenical Temple.
  5311 | D:7      | Reached XP level 9. HP: 22/52 MP: 6/13
  5318 | Temple   | Entered the Ecumenical Temple
  5453 | Temple   | Became a worshipper of Warmaster Okawaru
  5614 | D:7      | Found a bloodstained altar of Trog.
  5624 | D:7      | Reached skill level 5 in Dodging
  6101 | D:8      | Found a glowing golden altar of the Shining One.
  6178 | D:8      | Reached skill level 9 in Maces & Flails
  6186 | D:8      | Reached * piety under Okawaru
  6253 | D:8      | Found Engips's Book Emporium.
  6253 | D:8      | Found Wiut Qus's Antique Weapon Shoppe.
  6255 | D:8      | Found Wiatioc's Antique Weapon Shoppe.
  6255 | D:8      | Found Uzaipnum's Weapon Emporium.
  6296 | D:7      | Reached skill level 10 in Maces & Flails
  6435 | D:7      | Reached skill level 5 in Fighting
  6667 | D:8      | Found Rinevian's Magic Scroll Emporium.
  6667 | D:8      | Found Xesiomp's Antique Weapon Shoppe.
  6709 | D:8      | Bought a crystal great sword for 333 gold pieces
  6709 | D:8      | Identified the +4 great sword of the Poles {holy, rF- rCorr
                  | Int+6} (You bought it in a shop on level 8 of the Dungeon)
  6719 | D:8      | Identified a scroll of acquirement
  6738 | D:8      | Bought a scroll of noise for 12 gold pieces
  7042 | D:8      | Noticed a two-headed ogre
  7064 | D:8      | Killed a two-headed ogre
  7064 | D:8      | Reached ** piety under Okawaru
  7065 | D:8      | Reached skill level 1 in Throwing
  7065 | D:8      | Reached XP level 10. HP: 50/59 MP: 12/14
  7323 | D:8      | Found a burning altar of Makhleb.
  7323 | D:8      | Found a radiant altar of Vehumet.
  7539 | D:8      | Found Ciong's General Store.
  7719 | D:9      | You are sucked into a shaft and drop 2 floors!
  7770 | D:11     | Reached skill level 11 in Maces & Flails
  7851 | D:11     | Noticed Josephine
  7861 | D:10     | Entered Level 10 of the Dungeon
  7926 | D:10     | Noticed a cyclops
  7928 | D:10     | Noticed a tengu warrior
  7938 | D:10     | Reached *** piety under Okawaru
  7949 | D:10     | Killed a tengu warrior
  7950 | D:10     | Reached skill level 1 in Shields
  7950 | D:10     | Reached skill level 1 in Invocations
  7956 | D:10     | Killed a cyclops
  8023 | D:10     | Noticed an ogre mage
  8038 | D:10     | Killed an ogre mage
  8038 | D:10     | Reached **** piety under Okawaru
  8039 | D:10     | Reached XP level 11. HP: 51/66 MP: 12/15
  8152 | D:9      | Noticed Erica
  8177 | D:9      | HP: 1/46 [something (10)]
  8177 | D:9      | Slain by Erica

Illustrated notes

Levels and vault maps discovered:
D:1:      dpeg_arrival_erosion, layout_basic
D:2:      layout_loops_ring, minmay_close_crescents, uniq_natasha
D:3:      layout_loops_ring, serial_bayou, serial_bayou_lake_a,
          serial_bayou_pond_d, serial_bayou_pond_d, serial_bayou_pond_a
D:4:      layout_rooms, gammafunk_ghost_nasty_kobolds,
          kennysheep_big_empty_room, chequers_serial_rivers_small_b
D:5:      cheibrodos_fertilizer, layout_loops_ring, zin_angel,
          hellmonk_ghost_happy_afterlife, minmay_crystal_water
D:6:      layout_rooms, pdpol_wu_jian_five_deadly_venoms, elyvilon_altar_3,
          mainiacjoe_overflow_big_doors, minmay_diced_spiral
D:7:      layout_basic, trog_antimagical, fedhas_ov_isle_minmay,
          minmay_temple_entry_tees
D:8:      layout_loops_corners, grunt_temple_overflow_lords_of_destruction,
          tso_altar, serial_shops, shop, nicolae_shop_national_dungeon_mall
D:9:      minmay_ornate_pinched, layout_loops_ring, orc_0_dummy, uniq_erica
D:10:     layout_stronghold, nicolae_hepliaklqana_hippocampus,
          nemelex_spade_bored_becter, kennysheep_pointless_box, minmay_radiant
D:11:     layout_roguey, david_lair_generic, uniq_josephine
Temple:   nicolae_temple_ecumenical_triangle

Skill      XL: |  1  2  3  4  5  6  7  8  9 10 |
---------------+-------------------------------+-----
Armour         | 1 2 3 4 5 6 8 9 |  9.1
Necromancy     | 1 |  1.5
Maces & Flails | 4 5 6 8 10 11 | 11.6
Dodging        | 3 4 5 6 |  6.7
Fighting       | 3 4 5 6 |  6.4
Throwing       | 1 |  1.6
Shields        | 2 |  2.2
Invocations    | 2 |  2.2
Spellcasting   | |  2.0
Conjurations   | |  4.7

Action                     |  1- 3 |  4- 6 |  7- 9 | 10-12 || total
---------------------------+-------+-------+-------+-------++-------
  Melee: Mace              |    62 |   106 |       |       ||   168
         Peck              |     8 |    34 |    49 |    15 ||   106
         Kick              |    14 |    44 |    64 |    22 ||   144
         Punch             |     1 |     2 |     3 |       ||     6
         Flail             |       |    70 |   206 |    73 ||   349
         Dire flail        |       |       |    23 |    36 ||    59
  Throw: Boomerang         |       |     3 |       |       ||     3
         Dart              |       |       |     6 |     2 ||     8
   Cast: Kiss of Death     |     3 |     3 |     7 |     6 ||    19
 Invoke: Heroism           |       |       |       |     2 ||     2
    Use: Scroll            |       |     8 |     4 |     1 ||    13
         Potion            |       |       |       |     3 ||     3
 Armour: Leather armour    |    10 |       |       |       ||    10
         Ring mail         |     5 |    60 |    79 |    30 ||   174
  Dodge: Dodged            |    43 |   112 |   170 |    61 ||   386
  Block: Buckler           |       |       |       |    17 ||    17
